 Dungeon Crawl Stone Soup version 0.28.0-53-g5a82cb258f (webtiles) character file.

Game seed: 17166940051677628856

26424 Gabide the Warrior (level 12, 0/114 HPs)
             Began as a Mummy Berserker on June 20, 2022.
             Was an Elder of Trog.
             Slain by an eight-headed hydra (11 damage)
             ... on level 2 of the Lair of Beasts.
             The game lasted 00:44:16 (17999 turns).

Gabide the Warrior (Mummy Berserker)               Turns: 17999, Time: 00:44:16

Health: 0/114      AC: 13    Str: 25    XL:     12   Next: 98%
Magic:  12/12      EV: 19    Int:  7    God:    Trog [****..]
Gold:   193        SH:  0    Dex: 11    Spells: 11/11 levels left

rFire   . . .      SeeInvis .     - Unarmed
rCold   + . .      Faith    .   (no shield)
rNeg    + + +      Spirit   .   c - +5 ring mail {rF+}
rPois   ∞          Reflect  .   f - +2 helmet
rElec   .          Harm     .   (no cloak)
rCorr   .          Rampage  .   (no gloves)
Will    +++..                   (no boots)
Stlth   +.........              (no amulet)
HPRegen 1.29/turn               b - +4 ring of evasion
MPRegen 0.13/turn               e - +4 ring of evasion

@: strong-willed, regenerating, studying Fighting
A: cold resistance 1, negative energy resistance 3, torment resistance 2, heat
vulnerability 1, no potions
a: Renounce Religion, Trog's Hand, Brothers in Arms


You were on level 2 of the Lair of Beasts.
You worshipped Trog.
Trog was greatly pleased with you.
You visited 2 branches of the dungeon, and saw 13 of its levels.

You collected 723 gold pieces.
You spent 530 gold pieces at shops.

Inventory:

Missiles
 j - 6 javelins
Armour
 c - a +5 ring mail of fire resistance (worn)
 f - a +2 helmet (worn)
Jewellery
 b - a +4 ring of evasion (left hand)
 e - a +4 ring of evasion (right hand)
Wands
 d - a wand of flame (6) (quivered)
Scrolls
 a - a scroll of blinking
 g - 4 scrolls of magic mapping
 i - a scroll of fear
 k - 4 scrolls of teleportation
 m - a scroll of enchant weapon {unknown}
 n - 2 scrolls of vulnerability


   Skills:
 + Level 17.3 Fighting
 - Level 1.5 Armour
 - Level 1.5 Dodging
 + Level 13.4 Unarmed Combat


You had 11 spell levels left.
You didn't know any spells.
Your spell library was empty.

Dungeon Overview and Level Annotations

Branches:
Dungeon (10/15)            Temple (0/1) D:4            Lair (3/6) D:10
 Shoals (0/4) Lair:3       Spider (0/4) Lair:2
    Orc: D:9-12

Altars:
Kikubaaqudgha
Trog
Vehumet

Shops:
D:2 [   D:3 =   D:4 ?   D:5 *   D:6 [   D:7 *

Annotations:
D:6 3 exclusions, Blork the orc
Lair:2 exclusions: 2 orb spiders and 3 more exclusions


Innate Abilities, Weirdness & Mutations

You are immune to poison.
Your flesh is cold resistant. (rC+)
You are immune to negative energy. (rN+++)
You are immune to unholy pain and torment.
You are vulnerable to heat. (rF-)
You do not drink.


Message History

You barely miss the eight-headed hydra.
The eight-headed hydra is heavily wounded.
The eight-headed hydra bites you!
The eight-headed hydra closely misses you.
The eight-headed hydra bites you but does no damage.
The eight-headed hydra closely misses you.
The eight-headed hydra bites you!
The eight-headed hydra barely misses you.
The eight-headed hydra bites you.
The eight-headed hydra bites you but does no damage.
Press: ? - help, v - describe, . - travel, g - get item
Here: an eight-headed hydra (heavily wounded) Item here: a basilisk corpse.
The floor, spattered with blood.
Unknown command.
Unknown command.
Unknown command.
Your skin crawls.
You feel strong-willed. The eight-headed hydra bites you.
The eight-headed hydra closely misses you.
The eight-headed hydra bites you. The eight-headed hydra misses you.
The eight-headed hydra bites you!
* * * LOW HITPOINT WARNING * * *
The eight-headed hydra closely misses you.
The eight-headed hydra bites you.
* * * LOW HITPOINT WARNING * * *
The eight-headed hydra bites you!
* * * LOW HITPOINT WARNING * * *
The eight-headed hydra bites you.
* * * LOW HITPOINT WARNING * * *
The eight-headed hydra bites you!
* * * LOW HITPOINT WARNING * * *
The eight-headed hydra misses you.
The eight-headed hydra closely misses you.
The eight-headed hydra bites you but does no damage.
The eight-headed hydra misses you. The eight-headed hydra bites you!
* * * LOW HITPOINT WARNING * * *
The eight-headed hydra bites you!
You die...

................#
...............## ###
................# ##..
.............#..## #.#.
..>........####..## ### ###...
............###...### #.###.....
....<.....##......#.#####....†...
.........##.#...............>....
.#.(....####....@D..............P
#####.#.#........................
.# ######.............<.........
.## ##..................###.# ..#
#...................##### ..#
##............#.##...## .###
##............###....# ...#
#............##.....# ..##
#............###....#


You could see an eight-headed hydra.

Vanquished Creatures
  6 death yaks
  3 two-headed ogres
  Pikel (D:3)
  A manticore (D:6)
  2 cane toads
  A black mamba (Lair:2)
  Maggie (Lair:1)
  A torpor snail (Lair:1)
  3 komodo dragons
  2 rime drakes (Lair:3)
  9 blink frogs
  Prince Ribbit (Lair:2)
  28 yaks
  3 basilisks
  A wyvern (D:10)
  A steam dragon (Lair:2)
  An acid dragon (D:9)
  Duvessa (D:6)
  9 water moccasins
  9 black bears
  3 orc warriors
  A sky beast (D:5)
  2 necrophages
  37 wolves
  5 ogres
  A phantom (D:5)
  7 centaurs
  A lemure (D:3)
  3 kobold brigands
  7 bullfrogs
  A gnoll sergeant (D:6)
  4 scorpions
  Dowan (D:6)
  A wyvern skeleton (D:6)
  11 killer bees
  A water moccasin skeleton (D:5)
  3 electric eels (Lair:1)
  3 howler monkeys (D:8)
  2 centaur zombies
  4 hounds
  9 orc priests
  A centaur skeleton (D:5)
  16 orc wizards
  5 iguanas
  4 hell rats (Lair:1)
  A killer bee zombie (D:8)
  8 gnolls
  A howler monkey skeleton (D:6)
  4 adders
  An ufetubus (D:6)
  2 worms
  5 dart slugs
  31 orcs
  5 bats
  5 endoplasms
  2 giant cockroaches
  3 goblins
  11 hobgoblins
  5 jackals
  20 kobolds
  5 quokkas
  10 ball pythons
  3 frilled lizards (D:3)
  3 rats (D:2)
342 creatures vanquished.

Vanquished Creatures (collateral kills)
  2 hydras (Lair:2)
  A bullfrog (Lair:2)
3 creatures vanquished.

Vanquished Creatures (others)
  21 fungi
  23 plants
44 creatures vanquished.

Grand Total: 389 creatures vanquished

Notes
Turn   | Place    | Note
-------+----------+-------------------------------------------
     0 | D:1      | Gabide the Mummy Berserker began the quest for the Orb.
     0 | D:1      | Reached XP level 1. HP: 18/18 MP: 1/1
   304 | D:1      | Reached XP level 2. HP: 13/24 MP: 2/2
   912 | D:1      | Found a faded altar of an unknown god.
  1097 | D:2      | Found Giadaz's Antique Armour Emporium.
  1344 | D:2      | Reached XP level 3. HP: 29/29 MP: 3/3
  1433 | D:2      | Reached ** piety under Trog
  1718 | D:3      | Found Obulosie's Jewellery Shop.
  1898 | D:3      | Reached skill level 4 in Fighting
  1912 | D:3      | Reached XP level 4. HP: 33/37 MP: 4/4
  2516 | D:4      | Reached XP level 5. HP: 34/43 MP: 5/5
  2640 | D:4      | Found Zuguliah's Magic Scroll Shoppe.
  2646 | D:4      | Bought a scroll of torment for 97 gold pieces
  2674 | D:4      | Noticed a lemure
  2675 | D:4      | Noticed Pikel
  2676 | D:4      | Noticed a lemure
  2677 | D:4      | Noticed a lemure
  2707 | D:3      | Killed a lemure
  2762 | D:4      | Noticed a lemure
  2797 | D:3      | HP: 2/43 [Pikel/+0 whip of flaming (3)]
  2814 | D:3      | Killed Pikel
  2815 | D:3      | Reached skill level 6 in Fighting
  2815 | D:3      | Reached skill level 5 in Unarmed Combat
  2815 | D:3      | Reached XP level 6. HP: 18/52 MP: 6/6
  2815 | D:3      | Reached XP level 7. HP: 20/58 MP: 7/7
  3338 | D:4      | Found a staircase to the Ecumenical Temple.
  3623 | D:5      | Entered Level 5 of the Dungeon
  3731 | D:5      | Reached skill level 7 in Fighting
  3862 | D:5      | Reached *** piety under Trog
  3988 | D:5      | Reached XP level 8. HP: 67/67 MP: 8/8
  4396 | D:5      | Reached skill level 8 in Fighting
  4519 | D:5      | Found Jekhosol's Assorted Antiques.
  4527 | D:5      | Bought a scroll labelled PAUTZY HYGRIA for 23 gold pieces
  4527 | D:5      | Bought a scroll labelled COSHRO QAUR for 23 gold pieces
  4527 | D:5      | Bought a scroll labelled PAUTZY HYGRIA for 23 gold pieces
  5449 | D:6      | Found Mufudwam's Armour Shop.
  5613 | D:6      | Noticed Duvessa
  5613 | D:6      | Noticed Dowan
  5644 | D:6      | Killed Duvessa
  5645 | D:6      | Reached XP level 9. HP: 49/75 MP: 9/9
  5654 | D:6      | Killed Dowan
  5655 | D:6      | Reached skill level 9 in Fighting
  6109 | D:6      | Noticed a manticore
  6139 | D:6      | Killed a manticore
  6496 | D:6      | Noticed Blork the orc
  6880 | D:7      | Found Buyss's General Store.
  6888 | D:7      | Reached skill level 10 in Fighting
  7923 | D:8      | Reached XP level 10. HP: 83/86 MP: 10/10
  8797 | D:9      | Reached **** piety under Trog
  8870 | D:9      | Noticed a two-headed ogre
  9138 | D:9      | Reached skill level 11 in Fighting
  9522 | D:9      | Found a radiant altar of Vehumet.
  9686 | D:9      | Killed a two-headed ogre
  9798 | D:9      | Found a bloodstained altar of Trog.
  9906 | D:9      | Identified the +8 war axe "Edduel" {pain, rC+}
 10267 | D:10     | Entered Level 10 of the Dungeon
 10392 | D:10     | Reached skill level 10 in Unarmed Combat
 10405 | D:10     | Reached skill level 12 in Fighting
 10525 | D:10     | Noticed a two-headed ogre
 10554 | D:10     | Killed a two-headed ogre
 10559 | D:10     | Reached XP level 11. HP: 52/96 MP: 11/11
 10777 | D:10     | Found a staircase to the Lair.
 10883 | D:10     | Noticed a two-headed ogre
 10955 | D:10     | Killed a two-headed ogre
 10960 | D:10     | Reached skill level 13 in Fighting
 11278 | D:10     | Found an ancient bone altar of Kikubaaqudgha.
 11485 | Lair:1   | Entered Level 1 of the Lair of Beasts
 13044 | Lair:1   | Noticed Maggie
 13061 | Lair:1   | Killed Maggie
 13171 | Lair:1   | Reached skill level 14 in Fighting
 13545 | Lair:1   | Identified a scroll of acquirement
 13546 | Lair:1   | Acquired a manual of Fighting
 13750 | D:6      | Bought a +3 ring mail of fire resistance for 364 gold
                  | pieces
 14282 | Lair:1   | Reached XP level 12. HP: 94/107 MP: 12/12
 14785 | Lair:2   | Noticed a seven-headed hydra
 14928 | Lair:1   | Reached skill level 15 in Fighting
 15092 | Lair:2   | Killed a seven-headed hydra
 15111 | Lair:2   | Noticed a death yak
 15111 | Lair:2   | Noticed a death yak
 15114 | Lair:2   | Noticed a death yak
 15303 | Lair:1   | Killed a death yak
 15513 | Lair:2   | Noticed Prince Ribbit
 15528 | Lair:2   | Killed Prince Ribbit
 15641 | Lair:2   | Found a hole to the Spider Nest.
 15649 | Lair:2   | Noticed an eight-headed hydra
 15675 | Lair:2   | Killed an eight-headed hydra
 15676 | Lair:2   | Reached skill level 16 in Fighting
 16284 | Lair:2   | Noticed a death yak
 16284 | Lair:2   | Noticed a death yak
 16300 | Lair:2   | Killed a death yak
 16304 | Lair:2   | Noticed a death yak
 16317 | Lair:2   | Killed a death yak
 16326 | Lair:2   | Killed a death yak
 16334 | Lair:2   | Killed a death yak
 16335 | Lair:2   | Reached skill level 17 in Fighting
 16347 | Lair:2   | Killed a death yak
 17726 | Lair:3   | Found a staircase to the Shoals.
 17805 | Lair:3   | Noticed an eight-headed hydra
 17999 | Lair:2   | Slain by an eight-headed hydra

Illustrated notes

Levels and vault maps discovered:
D:1:      mrwooster_arrival_arrow, layout_basic,
          chequers_ecumenical_altar_island
D:2:      layout_basic, serial_shops, shop_fountains, minmay_tree_intersection,
          minmay_statues_item, kennysheep_minor_cross
D:3:      layout_basic, serial_shops, shop_statue, st_stairs_11
D:4:      layout_gridville, lemuel_temple_firewalk_b, serial_shops,
          nicolae_shop_waterfront, hangedman_decor_lopped,
          nicolae_concentric_dashed_squares_wild, uniq_pikel
D:5:      layout_basic, serial_shops, nicolae_shop_stone
D:6:      layout_loops_corners, tgw_sif, serial_shops, shop, uniq_duvessa
D:7:      layout_loops_cross, serial_shops, shop
D:8:      layout_basic, kennysheep_generic_room_7
D:9:      layout_stronghold, trog_antimagical, nicolae_vehumet_altar_sigil,
          serial_column_ruins, column_ruins_hut_ruined, column_ruins_grid_1,
          column_ruins_grid_3, column_ruins_corridor_dead_end,
          column_ruins_open_small
D:10:     layout_basic, mainiacjoe_overflow_surrounded_room,
          minmay_lair_entry_grove
Lair:1:   layout_gridlike, nicolae_quartered_pool_little,
          grunt_forest_large_clearings, serial_bayou_shore_a, uniq_maggie
Lair:2:   layout_cave_pods, nicolae_spider_entry_orb_guardian,
          uniq_prince_ribbit2
Lair:3:   layout_hall_layers, minmay_shoals_entry_centaurs, special_room
          [special_room_bee]

Skill      XL: |  1  2  3  4  5  6  7  8  9 10 11 12 |
---------------+-------------------------------------+-----
Unarmed Combat | 3 5 7 9 10 12 13 | 13.4
Fighting       | 4 6 7 8 10 12 14 17 | 17.3
Armour         | |  1.5
Dodging        | |  1.5

Action                   |  1- 3 |  4- 6 |  7- 9 | 10-12 || total
-------------------------+-------+-------+-------+-------++-------
Melee: Unarmed           |   175 |   141 |   457 |   910 ||  1683
       Punch             |     4 |     5 |    23 |    71 ||   103
Throw: Javelin           |     1 |     5 |    41 |     5 ||    52
       Dart              |       |       |    14 |       ||    14
       Throwing net      |       |       |     2 |       ||     2
Invok: Trog's Hand       |       |     2 |     9 |    19 ||    30
       Brothers in Arms  |       |       |       |     2 ||     2
Evoke: Wand              |       |       |       |    16 ||    16
  Use: Scroll            |       |     1 |     8 |    10 ||    19
 Stab: Sleeping          |     1 |       |       |       ||     1
Armor: Animal skin       |     5 |       |       |       ||     5
       Leather armour    |     2 |       |       |       ||     2
       Plate armour      |    42 |    59 |   171 |   271 ||   543
       Ring mail         |       |       |       |    79 ||    79
Dodge: Dodged            |   192 |   129 |   295 |   910 ||  1526
